 Dungeon Crawl Stone Soup version 0.30.1-4-g462c640d31 (webtiles) character file.

Game seed: 8204858648434487167

209367 Gorgoleon the Warrior (level 18, -11/178 HPs)
             Began as a Hill Orc Berserker on Aug 17, 2023.
             Was a High Priest of Trog.
             Hit by a javelin thrown by a merfolk javelineer (20 damage)
             ... on level 4 of the Shoals on Aug 18, 2023.
             The game lasted 02:03:28 (33919 turns).

Gorgoleon the Warrior (Hill Orc Berserker)         Turns: 33919, Time: 02:03:30

Health: -11/178    AC: 22    Str: 31    XL:     18   Next: 82%
Magic:  18/18      EV: 18    Int:  5    God:    Trog [*****.]
Gold:   429        SH: 20    Dex: 12    Spells: 17/17 levels left

rFire   + . .        O - +11 war axe of Jucodiomn {heavy, rC+ Str+3}
rCold   + + .        i - +2 tower shield
rNeg    . . .        S - +2 chain mail of Undesirable Species {rElec Dex+2}
rPois   +            Q - +2 helmet
rElec   +            A - scarf {rC+ rF+}
rCorr   .            v - +0 pair of gloves
SInv    .            (no boots)
Will    +++..        C - amulet of regeneration Stlth
                     q - +5 ring of evasion
HPRegen 2.29/turn    y - ring of poison resistance
MPRegen 0.16/turn

%: no passive effects
@: about to teleport, strong-willed, on berserk cooldown, regenerating, studying
2 skills
A: dopey 1
}: 1/15 runes: gossamer
a: Renounce Religion, Berserk, Trog's Hand, Brothers in Arms


You were on level 4 of the Shoals.
You worshipped Trog.
Trog was extremely pleased with you.
You visited 5 branches of the dungeon, and saw 30 of its levels.
You also visited: Ossuary.

You collected 3135 gold pieces.
You spent 2706 gold pieces at shops.

Inventory:

Hand Weapons
 H - a +4 war axe of flaming
 O - the +11 war axe of Jucodiomn (weapon) {heavy, rC+ Str+3}
   (You found it on level 10 of the Dungeon)

   Str:       It affects your strength (+3).
   rC:        It protects you from cold.
Missiles
 K - 2 throwing nets
Armour
 i - a +2 tower shield (worn)
 v - a +0 pair of gloves (worn)
 A - a scarf of resistance (worn)
 Q - a +2 helmet (worn)
 S - the +2 chain mail of Undesirable Species (worn) {rElec Dex+2}
   (You found it on level 11 of the Dungeon)

   Dex:       It affects your dexterity (+2).
   rElec:     It insulates you from electricity.
Jewellery
 d - a ring of positive energy
 e - a +4 ring of protection
 h - the ring of Weyptaha {Dex+2 SInv}
   (You found it on level 4 of the Shoals)

   [ring of see invisible]

   Dex:       It affects your dexterity (+2).
   SInv:      It lets you see invisible.
 q - a +5 ring of evasion (left hand)
 r - a ring of resist corrosion
 s - a ring of flight
 y - a ring of poison resistance (right hand)
 C - an amulet of regeneration (around neck)
 D - an amulet of magic regeneration
Wands
 o - a wand of polymorph (3)
 t - a wand of paralysis (32)
 u - a wand of roots (29)
 x - a wand of acid (17)
 B - a wand of flame (30) (quivered)
 L - a wand of digging (10)
Scrolls
 a - 4 scrolls of enchant armour
 k - 2 scrolls of poison
 l - 11 scrolls of identify
 w - 2 scrolls of teleportation
 E - a scroll of summoning
 J - 3 scrolls of fog
 M - a scroll of brand weapon
 T - 2 scrolls of enchant weapon
 U - 7 scrolls of fear
Potions
 b - 2 potions of resistance
 c - 3 potions of lignification
 f - 6 potions of flight
 g - 17 potions of curing
 j - 3 potions of cancellation
 m - 3 potions of mutation
 n - 2 potions of might
 z - 4 potions of attraction
 F - a potion of berserk rage
 I - 7 potions of ambrosia
 R - 3 potions of invisibility
Miscellaneous
 p - a lightning rod (4/4)


   Skills:
 - Level 20.0 Fighting
 - Level 16.0 Axes
 * Level 19.4 Armour
 * Level 11.6 Dodging
 - Level 16.0 Shields
 * Level 12.0 Evocations


You had 17 spell levels left.
You didn't know any spells.
Your spell library was empty.

Dungeon Overview and Level Annotations

Branches:
Dungeon (15/15)            Temple (0/1) D:6            Lair (5/5) D:9
 Shoals (4/4) Lair:3       Spider (4/4) Lair:2        Slime (0/5) Lair:4
    Orc (2/2) D:10            Elf (0/3) Orc:2        Vaults (0/5) D:13
 Depths (0/4) D:15        Ossuary (visited)

Altars:
Cheibriados
Dithmenos
Gozag
Nemelex Xobeh
Qazlal
Uskayaw
Vehumet
Xom
Beogh
Jiyva

Shops:
D:2 !=*([   D:6 [[=[[(   D:9 !   D:10 [   D:14 (   D:15 :   Orc:2 (:*!
Shoals:2 [   Shoals:3 !*(   Shoals:4 [

Portals:
Abyss: D:4
Pandemonium: Orc:2

Annotations:
D:4 2 transporters, croobank's ghost, weakling OpDe
D:8 1 runed translucent door, jujuben's ghost, novice MfIE
D:13 3 runed translucent doors, sunglassesatnite's ghost, journeyman MiBe
Shoals:1 3 runed translucent doors, Aral's ghost, adept MiBe


Innate Abilities, Weirdness & Mutations

You are dopey. (Int -2)


Message History

The silver javelin pierces through you!
* * * LOW HITPOINT WARNING * * *
The silver sears you!
* * * LOW HITPOINT WARNING * * *
You block the merfolk impaler's attack. The merfolk javelineer misses you.
As you read the scroll of teleportation, it crumbles to dust.
You feel strangely unstable.
You feel yourself speed up.
The merfolk javelineer throws a silver javelin.
The silver javelin pierces through you!
* * * LOW HITPOINT WARNING * * *
The silver sears you!
* * * LOW HITPOINT WARNING * * *
You block the harpy's attack. The harpy barely misses you.
You block the merfolk impaler's attack.
The merfolk avatar chants a haunting song.
You resist with almost no effort. You block the merfolk impaler's attack.
The merfolk javelineer closely misses you.
The merfolk javelineer throws a silver javelin.
The silver javelin pierces through you!
* * * LOW HITPOINT WARNING * * *
The silver sears you!
* * * LOW HITPOINT WARNING * * *
The merfolk avatar chants a haunting song.
You resist with almost no effort. The merfolk impaler barely misses you.
Okay, then.
You are confused.
You feel invigorated. The harpy claws you but does no damage.
The harpy misses you.
The merfolk javelineer throws a javelin.
The javelin closely misses you.
The merfolk impaler hits you with a +1 trident of protection!
* * * LOW HITPOINT WARNING * * *
You feel better.
You feel less invigorated. The harpy misses you. You block the harpy's attack.
The merfolk impaler hits you with a +1 trident of protection.
* * * LOW HITPOINT WARNING * * *
The merfolk javelineer throws a javelin.
The javelin pierces through you!!
You die...

.≈##~~~*#≈.......~~~..~~≈≈≈~~~~~
.≈≈#####≈≈~~....(....~~~≈≈≈~~~~~
~~≈≈≈≈≈≈≈~~~......(..~~~≈≈≈~~~~~
~~~~~~~~~~~...........~~≈≈≈≈~~~~
~~~~)~~~~~~...[.[...m..~~~≈≈~~~~
~~~~~~~~~~.....∩........~~~≈~~~~
~~~~~~~~~.....[.m.m.....~~~≈~~~~
~~~~~~~~~.......H........~~≈~~~~
~~~~~~~~.......m@.........~≈~~~~
~~~~~~~~...(..............~≈~~~~
~~~~~~~...†...............~~~~~~
~~~~≈~~...................~~~~~~
~~~~≈~~......)...........~~~~~~~
#~~≈≈~~.......))~~~~~~~~~~~≈~~~~
##~≈≈~~.........~~~~~~~~~~≈≈~~~~
~##~~~~~.....~~~~~~~~~≈≈≈≈≈≈~~~~
.≈#~~P~~~.....~~~~~~~≈≈≈≈≈≈≈~~~~


You could see a merfolk avatar, a merfolk impaler, 2 merfolk javelineers and a
harpy.

Vanquished Creatures
  Rupert (D:13)
  Polyphemus (Shoals:3)
  Kirke (Spider:1)
  Agnes (Spider:2)
  Donald (Orc:2)
  Roxanne (Shoals:4)
  3 ghost moths
  Louise (Spider:3)
  4 emperor scorpions
  4 broodmothers
  Nessos (Orc:2)
  Azrael (D:14)
  2 spark wasps
  A merfolk javelineer (Shoals:4)
  Snorg (Orc:2)
  4 entropy weavers
  4 merfolk impalers (Shoals:4)
  A yaktaur captain (D:13)
  5 hydras
  2 catoblepae
  An ogre mage (D:15)
  2 demonspawn (Orc:2)
  3 radroaches
  Erica (D:8)
  2 jorogumos
  3 two-headed ogres
  3 merfolk avatars (Shoals:4)
  6 centaur warriors
  6 boulder beetles
  3 merfolk aquamancers (Shoals:4)
  3 death yaks (Shoals:3)
  A vampire mage (D:15)
  7 orc high priests (Orc:2)
  4 tengu warriors
  The ghost of bairyn the Covert, a journeyman SpRe of Sif Muna (D:10)
  A sun demon (Orc:2)
  Nergalle (Lair:2)
  4 skysharks
  6 skeletal warriors
  4 sun moths
  A spark wasp zombie (D:15)
  5 orb spiders
  12 pharaoh ants
  6 sea snakes
  7 steelbarb worms
  A necromancer (D:15)
  20 wolf spiders
  A deep elf pyromancer (D:7)
  5 orc knights
  27 harpies
  A wizard (D:15)
  9 cyclopes
  4 fauns
  6 orc sorcerers (Orc:2)
  4 ugly things
  A fire giant zombie (D:15)
  14 manticores
  3 moths of wrath
  19 elephants
  A rust devil (Orc:2)
  A guardian serpent (shapeshifter) (D:14)
  7 torpor snails
  A smoke demon (Orc:2)
  5 merfolk sirens
  A cane toad (shapeshifter) (D:14)
  2 black mambas
  Maggie (D:7)
  2 water nymphs
  13 cane toads
  13 demonic crawlers
  10 komodo dragons
  A freezing wraith (D:14)
  2 efreet (D:15)
  2 unseen horrors (D:11)
  A kobold demonologist (D:13)
  4 rime drakes
  2 yaktaurs (D:13)
  A tengu conjurer (D:15)
  14 meliai
  A hornet (Lair:5)
  4 polar bears
  6 trolls
  29 merfolk
  22 tarantellas
  5 wind drakes
  Prince Ribbit (D:8)
  14 blink frogs
  13 dream sheep
  9 snapping turtles
  Sigmund (D:3)
  14 slime creatures
  29 jumping spiders
  A shadow (D:12)
  2 vampires
  8 wyverns
  4 water elementals (Shoals:4)
  22 culicivoras
  23 yaks
  A wraith (D:11)
  A basilisk (shapeshifter) (D:13)
  3 basilisks
  5 hogs (Spider:1)
  35 redbacks
  5 fire elementals (D:14)
  2 steam dragons (Lair:5)
  A neqoxec (Orc:2)
  A chaos spawn (Orc:2)
  10 vampire mosquitoes
  Edmund (D:4)
  A swamp worm (Lair:2)
  3 wargs
  2 acid dragons
  2 hell hounds (D:14)
  11 water moccasins
  27 orc warriors
  A sky beast (D:6)
  2 black bears
  7 ice beasts
  6 wolves
  9 centaurs
  3 ogres
  A phantom (D:6)
  7 kobold brigands
  9 bullfrogs
  A two-headed ogre simulacrum (D:11)
  A gnoll sergeant (D:13)
  14 scorpions
  13 wights
  30 killer bees
  8 howler monkeys
  2 electric eels (D:9)
  A centaur zombie (Ossuary)
  3 human zombies (Ossuary)
  29 orc priests
  A gnoll bouda (D:8)
  6 hounds
  3 sleepcaps
  3 iguanas
  4 scorpion zombies (Ossuary)
  20 orc wizards
  2 troll simulacra (D:11)
  A spriggan simulacrum (D:11)
  4 mummies
  4 adders
  14 gnolls
  2 white imps
  An ufetubus (D:6)
  A dart slug (D:1)
  86 orcs
  4 ball pythons
  2 bats
  10 endoplasms
  2 giant cockroaches
  3 goblins
  6 hobgoblins
  32 kobolds
  A quokka (D:2)
  A frilled lizard (D:1)
  A gnoll zombie (Ossuary)
  4 goblin zombies (Ossuary)
  2 hobgoblin zombies (Ossuary)
  A kobold zombie (Ossuary)
  7 orc zombies (Ossuary)
  6 rats
1032 creatures vanquished.

Vanquished Creatures (collateral kills)
  Mara (Shoals:3)
  A merfolk avatar (Lair:5)
  A cane toad (Lair:5)
3 creatures vanquished.

Vanquished Creatures (others)
  A wind drake (Lair:5)
  2 spriggan zombies (D:15)
  A human (Spider:1)
  An orc priest (Orc:2)
  An orc wizard (D:6)
  An orc (Orc:2)
7 creatures vanquished.

Grand Total: 1042 creatures vanquished

Notes
Turn   | Place    | Note
-------+----------+-------------------------------------------
     0 | D:1      | Gorgoleon the Hill Orc Berserker began the quest for the
                  | Orb.
     0 | D:1      | Reached XP level 1. HP: 19/19 MP: 1/1
   135 | D:1      | Reached XP level 2. HP: 25/26 MP: 2/2
   207 | D:1      | Reached skill level 5 in Axes
   872 | D:2      | Found Soboy's Jewellery Emporium.
   878 | D:2      | Reached XP level 3. HP: 24/31 MP: 3/3
  1138 | D:2      | Found Zyuptet's Assorted Antiques.
  1195 | D:2      | Reached ** piety under Trog
  1198 | D:2      | Found Oshiu's Weapon Shop.
  1262 | D:2      | Found Peblurph's Armour Boutique.
  1425 | D:2      | Found Siod's Distillery.
  1842 | D:3      | Reached XP level 4. HP: 31/39 MP: 4/4
  2289 | D:3      | Noticed Sigmund
  2315 | D:3      | Killed Sigmund
  2316 | D:3      | Reached XP level 5. HP: 45/45 MP: 5/5
  2316 | D:3      | Reached XP level 6. HP: 51/51 MP: 6/6
  2724 | D:4      | Noticed a small abomination
  2780 | D:4      | Noticed Edmund
  3150 | D:4      | Killed Edmund
  3151 | D:4      | Reached skill level 10 in Axes
  3608 | D:4      | Noticed croobank's ghost (weakling OpDe)
  3827 | D:4      | Found a transporter.
  3828 | D:4      | Found a transporter.
  4014 | D:4      | Reached XP level 7. HP: 57/57 MP: 7/7
  4152 | D:4      | Found a one-way gate to the infinite horrors of the Abyss.
  4254 | D:5      | Entered Level 5 of the Dungeon
  4393 | D:5      | Found a hide-covered altar of Uskayaw.
  4612 | D:5      | Found a sand-covered staircase.
  4617 | Ossuary  | Entered an ossuary
  4774 | Ossuary  | Reached XP level 8. HP: 60/64 MP: 8/8
  5021 | Ossuary  | Reached *** piety under Trog
  5526 | Ossuary  | Reached skill level 4 in Fighting
  5716 | D:5      | Reached skill level 1 in Evocations
  5839 | D:5      | Reached XP level 9. HP: 72/72 MP: 9/9
  5883 | D:5      | Found a stormy altar of Qazlal.
  6359 | D:6      | Reached skill level 5 in Fighting
  6418 | D:6      | Found Uhuemub's Weapon Emporium.
  6420 | D:6      | Found Kyokk's Armour Shoppe.
  6421 | D:6      | Found Ykuph's Jewellery Boutique.
  6421 | D:6      | Found Muock's Armour Shop.
  6421 | D:6      | Found Ylenkine's Antique Armour Boutique.
  6421 | D:6      | Found Deusah's Armour Emporium.
  6769 | D:6      | Reached **** piety under Trog
  6806 | D:6      | Found a shimmering altar of Xom.
  6829 | D:6      | Reached skill level 6 in Fighting
  6831 | D:6      | Reached skill level 5 in Armour
  6901 | D:6      | Reached skill level 1 in Shields
  7094 | D:6      | Found a staircase to the Ecumenical Temple.
  7317 | D:6      | Found an opulent altar of Gozag.
  7846 | D:2      | Bought a +2 hand axe of freezing for 226 gold pieces
  8077 | D:7      | Noticed Maggie
  8394 | D:7      | Found a shadowy altar of Dithmenos.
  8410 | D:7      | Killed Maggie
  8411 | D:7      | Reached skill level 7 in Fighting
  8411 | D:7      | Reached XP level 10. HP: 66/86 MP: 10/10
  8749 | D:7      | Noticed a deep elf pyromancer
  8758 | D:7      | Killed a deep elf pyromancer
  9188 | D:8      | Reached ***** piety under Trog
  9200 | D:8      | Noticed Prince Ribbit
  9220 | D:8      | Killed Prince Ribbit
  9668 | D:8      | Noticed Erica
  9678 | D:8      | Killed Erica
  9679 | D:8      | Reached skill level 8 in Fighting
  9844 | D:8      | Found a runed translucent door.
 10042 | D:8      | Noticed jujuben's ghost (novice MfIE)
 10174 | D:9      | Found a radiant altar of Vehumet.
 10201 | D:9      | Reached skill level 5 in Shields
 10222 | D:9      | Reached XP level 11. HP: 81/95 MP: 11/11
 10226 | D:9      | Found a staircase to the Lair.
 10336 | D:9      | Noticed a two-headed ogre
 10347 | D:9      | Killed a two-headed ogre
 10348 | D:9      | Reached skill level 9 in Fighting
 10427 | D:9      | Found Fysyq's Distillery.
 11018 | D:10     | Entered Level 10 of the Dungeon
 11080 | D:10     | Found a staircase to the Orcish Mines.
 11172 | D:10     | Found a roughly hewn altar of Beogh.
 11225 | D:10     | Found Ateffog's Antique Armour Shoppe.
 11375 | D:10     | Identified the +11 war axe of Jucodiomn {heavy, rC+ Str+3}
 11529 | D:10     | Found a sparkling altar of Nemelex Xobeh.
 11625 | D:10     | Found a runed translucent door.
 11632 | D:10     | Noticed bairyn's ghost (journeyman SpRe)
 11640 | D:10     | Received a gift from Trog
 11910 | D:11     | Found a frozen archway.
 11987 | D:11     | Identified the +2 chain mail of Undesirable Species {rElec
                  | Dex+2}
 12027 | D:11     | Reached skill level 5 in Evocations
 12565 | D:12     | Noticed a two-headed ogre
 12572 | D:12     | Killed a two-headed ogre
 12572 | D:12     | Noticed a cyclops
 12573 | D:12     | Reached skill level 10 in Fighting
 12581 | D:12     | Killed a cyclops
 12702 | D:12     | Reached skill level 5 in Dodging
 12735 | D:12     | Noticed a cyclops
 12742 | D:12     | Killed a cyclops
 12743 | D:12     | Reached skill level 10 in Armour
 12743 | D:12     | Reached XP level 12. HP: 94/106 MP: 12/12
 12971 | D:12     | Reached skill level 15 in Axes
 13265 | Lair:1   | Entered Level 1 of the Lair of Beasts
 13913 | Lair:1   | Reached skill level 10 in Shields
 13984 | Lair:1   | Identified the +11 hand axe of Zaulluss {antimagic, Fly}
                  | (Trog gifted it to you on level 1 of the Lair of Beasts)
 13984 | Lair:1   | Received a gift from Trog
 14107 | Lair:1   | Noticed a catoblepas
 14127 | Lair:1   | Killed a catoblepas
 14316 | Lair:2   | Noticed Nergalle
 14322 | Lair:2   | Killed Nergalle
 14349 | Lair:2   | Found a gate leading to a gauntlet.
 14408 | Lair:2   | Noticed a four-headed hydra
 14416 | Lair:2   | Killed a four-headed hydra
 14417 | Lair:2   | Reached XP level 13. HP: 105/114 MP: 13/13
 14565 | Lair:2   | Reached skill level 11 in Fighting
 14676 | Lair:2   | Found a hole to the Spider Nest.
 15637 | Lair:3   | Found a staircase to the Shoals.
 15926 | Lair:3   | Reached skill level 12 in Fighting
 16565 | Lair:4   | Found a viscous altar of Jiyva.
 16565 | Lair:4   | Found a staircase to the Slime Pits.
 17222 | Lair:5   | Entered Level 5 of the Lair of Beasts
 17403 | Lair:5   | Reached XP level 14. HP: 123/127 MP: 14/14
 17506 | Lair:5   | Received a gift from Trog
 17510 | Lair:5   | Reached skill level 13 in Fighting
 18022 | Lair:5   | Identified the +0 rapier of Poruo {speed, Int+4}
 18434 | Orc:1    | Entered Level 1 of the Orcish Mines
 18634 | Orc:1    | Found a roughly hewn altar of Beogh.
 18756 | Orc:2    | Entered Level 2 of the Orcish Mines
 18756 | Orc:2    | Found a staircase to the Elven Halls.
 18793 | Orc:2    | Noticed Donald
 18811 | Orc:2    | Killed Donald
 18812 | Orc:2    | Reached skill level 14 in Fighting
 18960 | Orc:2    | Found a roughly hewn altar of Beogh.
 18968 | Orc:2    | Noticed Snorg
 18973 | Orc:2    | Received a gift from Trog
 18985 | Orc:2    | Killed Snorg
 19131 | Orc:2    | Noticed Nessos
 19310 | Orc:2    | Found Cuut's Distillery.
 19331 | Orc:2    | Found Reraab's General Store.
 19478 | Orc:2    | Bought a lightning rod (4/4) for 480 gold pieces
 19549 | Orc:2    | Reached skill level 15 in Fighting
 19590 | Orc:2    | Reached XP level 15. HP: 123/141 MP: 15/15
 19688 | Orc:2    | Found Ollied's Antique Weapon Shoppe.
 19688 | Orc:2    | Found Acsanaso's Book Emporium.
 19689 | Orc:2    | Found a one-way gate leading to the halls of Pandemonium.
 19693 | Orc:2    | Bought a manual of Armour for 880 gold pieces
 19869 | Orc:2    | Killed Nessos
 20401 | D:13     | Noticed sunglassesatnite's ghost (journeyman MiBe)
 20532 | D:13     | Found a runed translucent gate.
 20532 | D:13     | Found a runed translucent gate.
 20532 | D:13     | Found a runed translucent gate.
 20618 | D:13     | Noticed Rupert
 20622 | D:13     | Reached skill level 15 in Armour
 20627 | D:13     | Killed Rupert
 20703 | D:13     | You fall into a shaft and drop 1 floor!
 20775 | D:14     | Received a gift from Trog
 21050 | D:13     | Found a snail-covered altar of Cheibriados.
 21200 | D:13     | Found a gate to the Vaults.
 21595 | D:14     | Found Horaheso's Antique Weapon Boutique.
 21608 | D:14     | Found the +3 robe of Clouds {*Thunder rCloud rElec}
 22215 | D:15     | Entered Level 15 of the Dungeon
 22331 | D:15     | Found Ticzuj's Book Emporium.
 22441 | D:15     | Noticed Azrael
 22557 | D:14     | Killed Azrael
 22755 | D:15     | Found a staircase to the Depths.
 22913 | D:15     | Received a gift from Trog
 22914 | D:15     | Reached skill level 10 in Dodging
 22914 | D:15     | Reached XP level 16. HP: 149/149 MP: 16/16
 22916 | D:15     | Reached skill level 10 in Evocations
 23188 | D:10     | Killed bairyn's ghost
 23227 | D:10     | Identified the +7 chain mail of Sunlight {Str+2}
 23356 | Spider:1 | Entered Level 1 of the Spider Nest
 23454 | Spider:1 | Noticed Kirke
 23461 | Spider:1 | Killed Kirke
 24951 | Spider:2 | Received a gift from Trog
 25146 | Spider:2 | Noticed Agnes
 25155 | Spider:2 | Killed Agnes
 25156 | Spider:2 | Reached skill level 16 in Fighting
 26463 | Spider:3 | Reached XP level 17. HP: 159/159 MP: 17/17
 26559 | Spider:3 | Received a gift from Trog
 26633 | Spider:3 | Noticed Louise
 26653 | Spider:3 | Killed Louise
 27736 | Spider:4 | Entered Level 4 of the Spider Nest
 27947 | Spider:4 | Reached skill level 17 in Fighting
 28231 | Spider:4 | Received a gift from Trog
 28404 | Spider:4 | Identified the +1 pair of gloves of Zaunuxto {rF++ Dex-2}
 28636 | Spider:4 | Reached ****** piety under Trog
 28646 | Spider:4 | Reached skill level 15 in Shields
 28745 | Spider:4 | Gained mutation: You are dopey. (Int -2) [mutagenic glow]
 28947 | Spider:4 | Got a gossamer rune of Zot
 29040 | Spider:4 | Lost intelligence.
 29825 | Shoals:1 | Entered Level 1 of the Shoals
 29838 | Shoals:1 | Found a runed translucent gate.
 29839 | Shoals:1 | Found a runed translucent gate.
 29843 | Shoals:1 | Found a runed translucent gate.
 29843 | Shoals:1 | Noticed Aral's ghost (adept MiBe)
 29999 | Shoals:1 | Received a gift from Trog
 30235 | Shoals:1 | Reached XP level 18. HP: 161/171 MP: 18/18
 31094 | D:15     | Bought a manual of Fighting for 1120 gold pieces
 31314 | Shoals:2 | Found Meetyocs's Antique Armour Boutique.
 31770 | Shoals:3 | Noticed Mara
 31774 | Shoals:3 | Noticed Gorgoleon's illusion
 31880 | Shoals:3 | Noticed Gorgoleon's illusion
 31980 | Shoals:3 | Noticed Gorgoleon's illusion
 32230 | Shoals:3 | Reached skill level 18 in Fighting
 32356 | Shoals:3 | Noticed Gorgoleon's illusion
 32379 | Shoals:3 | Killed Mara
 32432 | Shoals:3 | Noticed Polyphemus
 32454 | Shoals:3 | Killed Polyphemus
 32595 | Shoals:3 | Found Bemeonlo's Distillery.
 32610 | Shoals:3 | Found Ramonit's General Store.
 32752 | Shoals:3 | Found Lydiasie's Antique Weapon Emporium.
 32888 | Shoals:4 | Entered Level 4 of the Shoals
 32953 | Shoals:4 | Noticed Roxanne
 32999 | Shoals:4 | Reached skill level 19 in Fighting
 33417 | Shoals:4 | Received a gift from Trog
 33471 | Shoals:4 | Identified the ring of Weyptaha {Dex+2 SInv}
 33716 | Shoals:4 | Killed Roxanne
 33822 | Shoals:4 | Found Roucig's Antique Armour Emporium.
 33841 | Shoals:4 | Reached skill level 20 in Fighting
 33917 | Shoals:4 | HP: 8/178 [merfolk javelineer/silver javelin (14)]
 33918 | Shoals:4 | HP: 2/178 [merfolk impaler/+1 trident of protection (10)]
 33919 | Shoals:4 | Hit by a javelin thrown by a merfolk javelineer

Illustrated notes

Levels and vault maps discovered:
D:1:      tarquinn_simple_flora_water_f, layout_basic
D:2:      layout_loops_ring, serial_shops, shop, shop, nicolae_lakefront_shop,
          nicolae_square_shop, shop
D:3:      layout_basic, patterned_corridor, uniq_sigmund
D:4:      layout_cave_pools, gammafunk_ghost_abyssal_escape, item_on_display_a,
          uniq_edmund
D:5:      layout_basic, mainiacjoe_overflow_cross_hatched,
          nicolae_qazlal_general_emergency, enter_ossuary_2
D:6:      layout_cave_pods, mainiacjoe_overflow_24_doors, kennysheep_mini_moat,
          minmay_temple_entry_mini_moons, minmay_holes,
          nicolae_wooded_promenade, st_stairs_5, minmay_misc_feat_five,
          small_statue_intersection, kennysheep_pointless_box
D:7:      layout_gridville, grunt_dithmenos_smoke_and_mirrors, uniq_maggie
D:8:      layout_basic, ebering_ghost_reflecting_pool, uniq_prince_ribbit1,
          uniq_erica
D:9:      layout_rooms, mainiacjoe_overflow_alcove_2, hellmonk_lair_entry_icy,
          serial_shops, nicolae_shop_tiny_statue_garden, chequers_big_river
D:10:     layout_basic, nicolae_overflow_crystal_walls,
          minmay_orc_entry_temple_small, serial_shops, kennysheep_little_box,
          gammafunk_ghost_grave, grunt_decor_cap, minmay_gold_behind_fungi
D:11:     layout_loops_ring, portal_ice_cave_entry_ice_simulacra
D:12:     layout_small_grid
D:13:     layout_gridville, david_vaults_2, maelrawn_ghost_gauntlet_escape,
          slow_altar_2, uniq_rupert
D:14:     layout_stronghold, serial_shops, shop, grunt_decor_clamped
D:15:     gammafunk_depths_entry_grave, layout_rooms, serial_shops,
          nicolae_book_shop_shelving, small_statue_intersection, st_stairs_1,
          uniq_azrael
Lair:1:   layout_cave_shapes, serial_bayou_pond_e, columned_hall_lemuel
Lair:2:   layout_cave_pods, nicolae_spider_entry_orb_guardian,
          gauntlet_entry_generic, infiniplex_staircase_pool, uniq_nergalle
Lair:3:   layout_regular_city, nicolae_shoals_entry_roost, grunt_megastairs_4,
          serial_bayou_shore_b
Lair:4:   layout_cave_pods, dpeg_slime_entry_enclosed,
          chequers_serial_rivers_micro_e, lemuel_fruit_fields
Lair:5:   gammafunk_lair_ancient_temple, layout_regular_city, lemuel_fruit_tree
Shoals:1: layout_shoals, ebering_ghost_rock_garden,
          nicolae_shoals_dead_sea_scrolls
Shoals:2: layout_shoals, serial_shops, shop
Shoals:3: layout_shoals, serial_shops, shop, nicolae_shop_hallway_stairs, shop,
          nzn_prometheus_bound, uniq_polyphemus, uniq_mara
Shoals:4: shoals_end_hangedman, layout_shoals, serial_shops,
          nicolae_shop_scrapyard, nicolae_shoals_mertower, uniq_roxanne
Spider:1: layout_spider_delve, uniq_kirke
Spider:2: layout_cave_pods, uniq_agnes
Spider:3: nicolae_spider_broodchamber, uniq_louise
Spider:4: hellmonk_spider_rune_bug_friends
Orc:1:    layout_diamond_mine, basic_altar, hellmonk_bongcloud_opening,
          uniq_fannar
Orc:2:    pf_orc_diabolical, layout_diamond_mine, mines2_david, uniq_snorg,
          uniq_donald, uniq_nessos

Skill      XL: |  1  2  3  4  5  6  7  8  9 10 11 12 13 14 15 16 17 18 |
---------------+-------------------------------------------------------+-----
Axes           | 5 6 8 10 11 14 16 | 16.0
Fighting       | 4 7 8 10 12 15 16 17 20 | 20.0
Evocations     | 1 3 4 5 6 7 9 10 11 12 | 12.0
Armour         | 3 6 8 10 11 13 15 16 17 19 | 19.4
Dodging        | 2 3 4 5 6 7 10 11 | 11.6
Shields        | 2 5 7 10 12 13 15 16 | 16.0

Action                     |  1- 3 |  4- 6 |  7- 9 | 10-12 | 13-15 | 16-18 || total
---------------------------+-------+-------+-------+-------+-------+-------++-------
  Melee: Hand axe          |   126 |    86 |   666 |   392 |       |       ||  1270
         Punch             |     1 |     3 |     8 |       |       |       ||    12
         War axe           |       |       |       |   192 |   714 |  1138 ||  2044
         Flail             |       |       |       |     4 |    23 |       ||    27
         Demon trident     |       |       |       |       |     5 |       ||     5
 Invoke: Berserk           |     1 |     2 |     1 |     5 |     9 |    11 ||    29
         Trog's Hand       |       |       |     1 |     2 |     4 |    11 ||    18
         Brothers in Arms  |       |       |       |       |       |     1 ||     1
  Evoke: Wand              |       |       |       |     3 |     5 |     4 ||    12
    Use: Scroll            |     9 |     2 |    10 |     5 |     7 |     9 ||    42
         Potion            |       |       |     4 |     4 |    10 |     9 ||    27
   Stab: Paralysed         |       |       |       |     2 |       |       ||     2
         Petrifying        |       |       |       |     1 |       |       ||     1
         Distracted        |       |       |       |       |     1 |     2 ||     3
         Held in net/web   |       |       |       |       |       |     1 ||     1
 Armour: Animal skin       |    10 |       |       |       |       |       ||    10
         Scale mail        |    31 |    18 |   162 |    88 |       |       ||   299
         Chain mail        |       |       |       |    55 |   235 |   494 ||   784
  Dodge: Dodged            |    52 |    25 |   180 |   309 |   599 |   928 ||  2093
  Block: Kite shield       |       |       |    49 |   249 |   488 |   308 ||  1094
         Tower shield      |       |       |       |       |       |  1116 ||  1116
